 Dungeon Crawl Stone Soup version 0.32-a0-675-gdc239d62e1 (webtiles) character file.

Game seed: 3513260753328996234

1866656 Ge0ff the Dwarf of Death (level 27, 279/279 HPs)
             Began as a Mountain Dwarf Necromancer on Mar 11, 2024.
             Was the Champion of Ashenzari.
             Escaped with the Orb
             ... and 4 runes on Mar 12, 2024!
             The game lasted 04:11:37 (104687 turns).

Ge0ff the Dwarf of Death (MDNe)                   Turns: 104687, Time: 04:11:38

Health: 279/279    AC: 19    Str: 25    XL:     27
Magic:  51/58      EV: 15    Int: 36    God:    Ashenzari [******]
Gold:   2166       SH: 14    Dex: 11    Spells: 4/70 levels left

rFire   + . .        a - +9 trident of the Cursed Negligence {flame, rC+ Int+5, Cun, Fort} (curse)
rCold   + + +        i - +3 buckler "Share My Autotheism" {rC+, Melee, Self} (curse)
rNeg    + . .        D - +3 troll leather armour of the Manifest God {Regen+, Snorg, Comp, Cun} (curse)
rPois   .            Z - +2 hat "Per Aspera Ad Scientiam" {Will+, Comp, Dev} (curse)
rElec   .            G - +2 cloak "Soothsayer of Ashenzari" {Will+, Self, Fort} (curse)
rCorr   +            Q - +2 pair of gloves "Circumscribed With Me" {rC+ Dex+3 SInv, Comp, Sorc} (curse)
SInv    +            w - +2 pair of boots of the Gnostic Secrets {Elem, Fort} (curse)
Will    ++++.        I - amulet of Supernal Gnosis {Reflect Regen+ Str+2 Int+3 SH+5, Comp, Bglg} (curse)
Stlth   ++           b - ring of Ashenzari's Portent {rN+ Int+2 SInv, Fort, Dev} (curse)
HPRegen 2.26/turn    f - ring "Bound Burden" {rF+ rCorr MP+9 Str+2, Comp, Melee} (curse)
MPRegen 0.36/turn

%: reflection, clarity
@: studying Evocations
A: runic magic, artefact enchanting, hooves 1, robust 1, strong 2, MP-powered
wands
0: Orb of Zot
}: 4/15 runes: decaying, slimy, silver, gossamer
a: Renounce Religion, Shatter the Chains


You escaped.
You worshipped Ashenzari.
Ashenzari was exalted by your worship.
You visited 12 branches of the dungeon, and saw 56 of its levels.
You visited the Abyss 1 time.
You visited 1 bazaar.
You also visited: Trove.

You collected 9969 gold pieces.
You spent 7803 gold pieces at shops.

Inventory:

Hand Weapons
 a - the cursed +9 trident of the Cursed Negligence (weapon) {flame, rC+ Int+5, Cun, Fort}
   (You took it off a spriggan on level 1 of the Lair of Beasts)

   Int+5:     It affects your intelligence (+5).
   rC+:       It protects you from cold.
   It has a curse which improves the following skills: Cunning: Dodging and
   Stealth.
   Fortitude: Armour and Shields.
Missiles
 c - 4 silver javelins
 g - 3 throwing nets {=F}
 h - 8 darts of dispersal
 k - 27 javelins
 r - 31 boomerangs
 v - 8 curare-tipped darts {=F}
Armour
 i - the cursed +3 buckler "Share My Autotheism" (worn) {rC+, Melee, Self}
   (You took it off the Enchantress on level 1 of the Depths)

   It has a curse which improves the following skills: Melee Combat: Short
   Blades, Long Blades, Axes, Maces & Flails, Polearms, Staves and Unarmed
   Combat.
   Introspection: Fighting and Spellcasting.
 w - the cursed +2 pair of boots of the Gnostic Secrets (worn) {Elem, Fort}
   (You found it on level 7 of the Dungeon)

   It has a curse which improves the following skills: Elements: Fire Magic, Ice
   Magic, Air Magic and Earth Magic.
   Fortitude: Armour and Shields.
 x - the +2 helmet of Duck's Teeth {Harm Will+}
   (You found it on level 5 of the Vaults)

   Will+:     It increases your willpower.
   Harm:      It increases damage dealt and taken.
 D - the cursed +3 troll leather armour of the Manifest God (worn) {Regen+, Snorg, Comp, Cun}
   (You found it on level 13 of the Dungeon)

   Regen+:    It increases your rate of health regeneration.
   It has a curse which improves the following skills: Companions: Summonings
   and Necromancy.
   Cunning:   Dodging and Stealth.
 G - the cursed +2 cloak "Soothsayer of Ashenzari" (worn) {Will+, Self, Fort}
   (You found it on level 3 of the Depths)

   It has a curse which improves the following skills: Introspection: Fighting
   and Spellcasting.
   Fortitude: Armour and Shields.
 Q - the cursed +2 pair of gloves "Circumscribed With Me" (worn) {rC+ Dex+3 SInv, Comp, Sorc}
   (You found it on level 3 of the Dungeon)

   Dex+3:     It affects your dexterity (+3).
   rC+:       It protects you from cold.
   SInv:      It lets you see invisible.
   It has a curse which improves the following skills: Companions: Summonings
   and Necromancy.
   Sorcery:   Conjurations and Alchemy.
 Z - the cursed +2 hat "Per Aspera Ad Scientiam" (worn) {Will+, Comp, Dev}
   (You found it on level 4 of the Spider Nest)

   It has a curse which improves the following skills: Companions: Summonings
   and Necromancy.
   Devices:   Evocations and Shapeshifting.
Jewellery
 b - the cursed ring of Ashenzari's Portent (left hand) {rN+ Int+2 SInv, Fort, Dev}
   (You found it on level 10 of the Dungeon)

   [ring of positive energy]

   Int+2:     It affects your intelligence (+2).
   rN+:       It protects you from negative energy.
   SInv:      It lets you see invisible.
   It has a curse which improves the following skills: Fortitude: Armour and
   Shields.
   Devices:   Evocations and Shapeshifting.
 f - the cursed ring "Bound Burden" (right hand) {rF+ rCorr MP+9 Str+2, Comp, Melee}
   (You found it on level 3 of the Lair of Beasts)

   [ring of magical power]

   Str+2:     It affects your strength (+2).
   rF+:       It protects you from fire.
   MP+9:      It affects your magic capacity (+9).
   rCorr:     It protects you from acid and corrosion.
   It has a curse which improves the following skills: Companions: Summonings
   and Necromancy.
   Melee Combat: Short Blades, Long Blades, Axes, Maces & Flails, Polearms,
   Staves and Unarmed Combat.
 I - the cursed amulet of Supernal Gnosis (around neck) {Reflect Regen+ Str+2 Int+3 SH+5, Comp, Bglg}
   (You bought it in a shop in a bazaar)

   [amulet of reflection]

   Reflect:   It reflects blocked missile attacks.
   Str+2:     It affects your strength (+2).
   Int+3:     It affects your intelligence (+3).
   Regen+:    It increases your rate of health regeneration.
   SH+5:      It affects your SH (+5).
   It has a curse which improves the following skills: Companions: Summonings
   and Necromancy.
   Beguiling: Hexes and Translocations.
 Y - a ring of flight
Wands
 d - a wand of digging (38)
 e - a wand of warping (83)
 j - a wand of light (20)
 p - a wand of paralysis (66)
 s - a wand of mindburst (35)
 P - a wand of polymorph (24)
Scrolls
 m - 5 scrolls of revelation
 B - 3 scrolls of blinking
 C - 5 scrolls of poison
 F - 17 scrolls of fog
 J - 6 scrolls of silence {!r}
 S - 4 scrolls of butterflies
 T - 19 scrolls of teleportation
 V - 4 scrolls of vulnerability
Potions
 o - a potion of ambrosia
 q - 17 potions of curing
 u - 2 potions of mutation {!q}
 z - a potion of brilliance
 A - 7 potions of attraction
 H - 2 potions of haste {!q}
 K - 2 potions of magic {!q}
 L - 9 potions of lignification
 M - 10 potions of might
 N - 3 potions of cancellation {!q}
 R - 8 potions of resistance
 W - 6 potions of heal wounds {!q}
 X - 4 potions of enlightenment
Miscellaneous
 l - a lightning rod (1/4)
 n - a phial of floods
 t - a tin of tremorstones (inert)
 O - a box of beasts
 U - a phantom mirror


   Skills:
 - Level 18.6(22.0) Fighting
 - Level 11.9(15.4) Polearms
 - Level 6.0 Throwing
 - Level 4.8(10.0) Armour
 - Level 6.4(10.0) Dodging
 + Level 7.9(11.6) Stealth
 - Level 5.6(11.0) Shields
 + Level 18.9(22.2) Spellcasting
 + Level 16.6(18.9) Conjurations
 - Level 4.9(7.3) Hexes
 - Level 14.5(21.0) Summonings
 O Level 27 Necromancy
 - Level 2.9(5.0) Translocations
 - Level 17.7(20.0) Earth Magic
 - Level 9.5(12.0) Alchemy
 - Level 15.5(19.0) Evocations


You had 4 spell levels left.
You knew the following spells:

 Your Spells              Type           Power      Damage    Failure   Level
a - Dispel Undead         Necr           100%       3d31      0%          4
g - Apportation           Tloc           100%       N/A       1%          1
h - Lee's Rapid Deconstr  Erth           55%        3d26*     0%          5
j - Vampiric Draining     Necr           100%       2d13      0%          3
k - Borgnjor's Vile Clut  Necr/Erth      59%        N/A       0%          5
m - Martyr's Knell        Necr/Summ      100%       N/A       0%          4
n - Lehudib's Crystal Sp  Conj/Erth      55%        10d13     1%          8
s - Monstrous Menagerie   Summ           56%        N/A       1%          7
v - Summon Mana Viper     Hex/Summ       97%        N/A       1%          5
w - Passwall              Erth           100%       N/A       0%          3
B - Blink                 Tloc           100%       N/A       1%          2
C - Spellforged Servitor  Conj/Summ      55%        N/A       1%          7
E - Irradiate             Conj/Alch      50%        3d28      1%          5
M - Malign Gateway        Summ/Tloc      46%        N/A       3%          7

Your spell library contained the following spells:

 Spells                   Type           Power      Damage    Failure   Level
 Foxfire                  Conj/Fire      100%       2x1d9     0%          1
 Kiss of Death            Conj/Necr      100%       2d13      0%          1
 Magic Dart               Conj           100%       1d8       0%          1
 Necrotise                Necr           100%       1d9       0%          1
 Sandblast                Erth           100%       2d20      0%          1
 Shock                    Conj/Air       100%       1d9       0%          1
 Sting                    Conj/Alch      100%       1d9       0%          1
 Call Imp                 Summ           100%       N/A       0%          2
 Cigotuvi's Dreadful Rot  Necr/Alch/Air  100%       N/A       0%          2
 Momentum Strike          Conj/Tloc      100%       3d10      0%          2
 Searing Ray              Conj           100%       2d8       0%          2
 Call Canine Familiar     Summ           100%       N/A       0%          3
 Dazzling Flash           Conj/Hex       100%       N/A       0%          3
 Fugue of the Fallen      Necr           100%       N/A       0%          3
 Stone Arrow              Conj/Erth      100%       3d13      0%          3
 Anguish                  Hex/Necr       52%        N/A       0%          4
 Animate Armour           Summ/Erth      100%       N/A       0%          4
 Animate Dead             Necr           100%       N/A       0%          4
 Brom's Barrelling Bould  Conj/Erth      100%       2d11      0%          4
 Fulminant Prism          Conj/Alch      50%        3d22      0%          4
 Leda's Liquefaction      Alch/Erth      50%        N/A       0%          4
 Slow                     Hex            100%       N/A       1%          1
 Ensorcelled Hibernation  Hex/Ice        100%       N/A       1%          2
 Jinxbite                 Hex            100%       N/A       1%          2
 Mercury Vapours          Alch/Air       100%       N/A       1%          2
 Scorch                   Fire           84%        2d8       1%          2
 Static Discharge         Conj/Air       100%       3-8/arc   1%          2
 Confusing Touch          Hex            75%        N/A       1%          3
 Gell's Gravitas          Tloc           66%        N/A       1%          3
 Hailstorm                Conj/Ice       83%        3d14      1%          3
 Inner Flame              Hex/Fire       61%        N/A       1%          3
 Sigil of Binding         Hex            75%        N/A       1%          3
 Summon Ice Beast         Ice/Summ       87%        N/A       1%          3
 Swiftness                Air            42%        N/A       1%          3
 Teleport Other           Tloc           66%        N/A       1%          3
 Tukima's Dance           Hex            75%        N/A       1%          3
 Volatile Blastmotes      Fire/Tloc      100%       2d18      1%          3
 Dimensional Bullseye     Hex/Tloc       35%        N/A       1%          4
 Flame Wave               Conj/Fire      83%        2d18      1%          4
 Ignite Poison            Fire/Alch      71%        N/A       1%          4
 Iskenderun's Mystic Bla  Conj/Tloc      90%        2d18      1%          4
 Manifold Assault         Tloc           66%        N/A       1%          4
 Olgreb's Toxic Radiance  Alch           90%        N/A       1%          4
 Passage of Golubria      Tloc           66%        N/A       1%          4
 Sticky Flame             Fire/Alch      71%        2d11      1%          4
 Summon Blazeheart Golem  Fire/Summ      87%        N/A       1%          4
 Summon Lightning Spire   Summ/Air       87%        N/A       1%          4
 Vhi's Electric Charge    Tloc/Air       100%       N/A       2%          4
 Airstrike                Air            21%        2d(3-19)  7%          4
 Curse of Agony           Necr           100%       N/A       0%          5
 Iskenderun's Battlesphe  Conj           100%       2d15      0%          5
 Death Channel            Necr           62%        N/A       0%          6
 Alistair's Intoxication  Alch           60%        N/A       1%          5
 Arcjolt                  Conj/Air       41%        1d51      1%          5
 Fireball                 Conj/Fire      41%        3d17      1%          5
 Freezing Cloud           Conj/Ice/Air   36%        6-21      1%          5
 Yara's Violent Unravell  Hex/Alch       41%        3d16      1%          5
 Bombard                  Conj/Erth      55%        9d9       1%          6
 Summon Cactus Giant      Summ           56%        N/A       1%          6
 Orb of Destruction       Conj           54%        9d14      1%          7
 Infestation              Necr           62%        N/A       1%          8
 Summon Horrible Things   Summ           56%        N/A       1%          8
 Death's Door             Necr           62%        N/A       1%          9
 Conjure Ball Lightning   Conj/Air       41%        3x3d13    2%          6
 Starburst                Conj/Fire      41%        6d12      2%          6
 Silence                  Hex/Air        30%        N/A       4%          5
 Sculpt Simulacrum        Ice/Alch       35%        N/A       10%         6
 Dispersal                Tloc           33%        N/A       16%         6
 Enfeeble                 Hex            37%        N/A       32%         7
 Discord                  Hex            37%        N/A       94%         8
 Ozocubu's Refrigeration  Ice            21%        4d12      99%         7
 Disjunction              Tloc           33%        N/A       100%        8
 Ignition                 Fire           21%        3d8       100%        8
 Maxwell's Capacitive Co  Air            21%        ∞         100%        8
 Chain Lightning          Conj/Air       41%        3d55      100%        9
 Polar Vortex             Ice            21%        12d2*     100%        9


Dungeon Overview and Level Annotations

Branches:
Dungeon (15/15)            Temple (1/1) D:7            Lair (5/5) D:11
  Swamp (4/4) Lair:2       Spider (4/4) Lair:2        Slime (5/5) Lair:4
    Orc (2/2) D:9             Elf (3/3) Orc:2        Vaults (5/5) D:14
  Crypt (3/3) Vaults:3       Tomb (0/3) Crypt:3      Depths (4/4) D:15
    Zot (5/5) Depths:4

Altars:
Ashenzari
Cheibriados
Dithmenos
Elyvilon
Fedhas
Gozag
Hepliaklqana
Kikubaaqudgha
Makhleb
Nemelex Xobeh
Okawaru
Qazlal
Ru
Sif Muna
Trog
Uskayaw
Vehumet
Wu Jian
Xom
Yredelemnul
Zin
The Shining One
Beogh
Jiyva

Shops:
D:9 :   Orc:1 ?   Orc:2 ?=:(   Elf:3 !===   Vaults:1 ?*[   Vaults:5 !
Depths:1 ?   Depths:2 !=(:   Depths:3 ==:

Portals:
Hell: Depths:1 Depths:2 Depths:3 Depths:4
Abyss: Depths:3
Pandemonium: Depths:2 Depths:4
Ziggurat: Depths:3


Innate Abilities, Weirdness & Mutations

Your spellcasting is much less encumbered by armour.
You can use scrolls of enchantment on lesser artefacts.
You have large cloven feet.
You are robust. (+10% HP)
Your muscles are very strong. (Str +8, Int/Dex -2)
You expend magic power (3 MP) to strengthen your wands.


Message History

Something smites you!
You climb upwards.
There is a stone staircase leading down here.
Casting: Irradiate (safe; 1% risk of failure)
Confirm with . or Enter, or press ? or * to list all spells.
Aiming: Borgnjor's Vile Clutch (safe; 0% risk of failure)
Press: ? - help, Shift-Dir - straight line, f - sun demon
Aim: a sun demon (100% to hit)
Zombie hands grab the sun demon.
The zombie hands constrict the sun demon!
The sun demon hits you!!
You are engulfed in flames!
You resist. The sun demon completely misses you.
The crystal spear hits the sun demon!!!
You kill the sun demon!
There is an escape hatch in the ceiling here.
You start resting.
Your magical contamination has completely faded away.
HP restored.
A Tzitzimitl comes into view.
A mysterious force pulls you upwards. The hatch slams shut behind you.
Casting: Lehudib's Crystal Spear (mildly dangerous; 1% risk of failure)
Confirm with . or Enter, or press ? or * to list all spells.
Aiming: Borgnjor's Vile Clutch (safe; 0% risk of failure)
Press: ? - help, Shift-Dir - straight line, f - Tzitzimitl
Aim: a Tzitzimitl (100% to hit)
Zombie hands grab the Tzitzimitl.
The zombie hands constrict the Tzitzimitl!
The Tzitzimitl gestures at you. The bolt of negative energy misses you.
The crystal spear hits the Tzitzimitl!!!!
The Tzitzimitl is severely wounded.
The zombie hands constrict the Tzitzimitl.
The Tzitzimitl misses you. The Tzitzimitl closely misses you.
The crystal spear hits the Tzitzimitl!!!
You kill the Tzitzimitl!
You see here 3 scrolls of noise.
There is a stone staircase leading up here.
You climb upwards.
There is a stone staircase leading down here.
There is a stone staircase leading up here.
You climb upwards.
There is a stone staircase leading down here.
There is a stone staircase leading up here.
You climb upwards.
There is a stone staircase leading down here.
There is a stone staircase leading up here.
You climb upwards.
There is a stone staircase leading down here.
There is a staircase leading out of the dungeon here.
You have escaped!

..#.......##..#..#######..# #..#
..#######.###....'.#####..###..#
..# #.# ##...#......#..>..## ..#
#.# ##..######.##...## ..#
#.######.######.###.## ###
#.##...#.#...##.###.# # ###
##.##.###.###........#
###.####.....# #.#......#####
##....##...### #@#.######
###.###ß...ß# ###.#
......##...## #.# .##.####...#
#.## ....# ##...## #..# .####
#ß...ß# ##.# ### ####...####
###.# #ß###ß##...##ß###ß#.#
....................#


There were no monsters in sight!

Vanquished Creatures
  5 dread liches
  5 ancient liches
  2 orbs of fire (Zot:5)
  Mara (Vaults:5)
  Sojobo (Crypt:3)
  A shard shrike (Slime:5)
  Bai Suzhen (Vaults:5)
  5 curse toes
  5 Killer Klowns
  5 golden dragons
  A bone dragon (Crypt:3)
  4 electric golems
  A doom hound (Depths:2)
  A Tzitzimitl (D:5)
  A Hell Sentinel (D:9)
  9 tentacled monstrosities
  7 Orb Guardians
  Zenata (Vaults:4)
  An Ice Fiend (Zot:2)
  A walking frostbound tome (Depths:3)
  A titan (Vaults:5)
  7 acid blobs
  2 liches (Depths:3)
  3 sphinxes
  5 quicksilver dragons
  A deep elf master archer (Elf:3)
  6 death cobs
  3 deep elf blademasters
  A thorn hunter (Swamp:2)
  2 ancient champions
  8 tengu reavers
  5 shadow dragons
  13 storm dragons
  9 azure jellies
  3 revenants
  7 fire giants
  8 rockslimes
  2 protean progenitors (Zot:2)
  4 draconian monks
  2 ghost moths
  6 frost giants
  6 draconian scorchers
  2 iron dragons
  8 draconian knights
  8 vault wardens
  3 deep elf sorcerers (Elf:3)
  3 deep elf elementalists (Elf:3)
  2 curse skulls
  8 draconian shifters
  An emperor scorpion (Spider:3)
  2 ironbound thunderhulks
  9 quicksilver oozes
  8 ghouls
  6 ironbound preservers
  A spriggan defender (Depths:1)
  8 draconian annihilators
  11 very ugly things
  5 deep elf demonologists
  7 draconian stormcallers
  A broodmother (Spider:4)
  6 stone giants
  4 formless jellyfish
  9 deep elf death magi
  6 green draconians
  6 vampire knights
  8 red draconians
  A bunyip (Swamp:4)
  6 war gargoyles
  12 black draconians
  A lorocyproca (D:7)
  14 purple draconians
  8 yellow draconians
  3 spark wasps
  2 deep elf annihilators
  Snorg (D:13)
  13 white draconians
  An eidolon (Crypt:2)
  A crystal guardian (Vaults:3)
  4 jiangshi
  3 entropy weavers
  A merfolk impaler (Depths:1)
  9 yaktaur captains
  9 ettins
  A blizzard demon (Depths:4)
  4 fire dragons
  A deep elf high priest (Vaults:5)
  17 vault guards
  5 great orbs of eyes
  5 hydras
  3 rakshasas
  A peacekeeper (Vaults:3)
  6 ice dragons
  5 ironbound frosthearts
  8 ghost crabs
  2 ogre magi
  A sphinx zombie (Crypt:1)
  5 alligators
  2 spriggan air magi
  A death knight (Crypt:1)
  5 centaur warriors
  7 two-headed ogres
  A boulder beetle (D:8)
  16 dancing weapons
  4 deep troll shamans
  4 tengu warriors
  6 death yaks
  3 demonic crawlers
  6 vampire magi
  4 deep troll earth magi
  2 shock serpents (Zot:3)
  3 spriggan berserkers
  3 occultists
  An orc high priest (Vaults:5)
  Sonja (Lair:3)
  6 hell knights (Depths:3)
  4 iron trolls
  A skyshark (Lair:2)
  A soul eater (Crypt:1)
  6 deep elf knights
  A shadow wraith (Crypt:2)
  A sun demon (D:6)
  24 skeletal warriors
  A goliath frog (Lair:2)
  A death drake (shapeshifter) (Vaults:5)
  A spriggan druid (Swamp:4)
  A bunyip zombie (Crypt:3)
  A death drake (Lair:3)
  4 bog bodies
  A flayed ghost (Crypt:2)
  An orb spider (Spider:4)
  14 deep trolls
  4 orc knights
  3 glowing orange brains
  2 swamp dragons
  4 arcanists
  13 ironbound convokers
  Pikel (D:7)
  3 steelbarb worms
  An iron giant skeleton (Crypt:3)
  6 wolf spiders
  2 nameless horrors
  3 necromancers
  A lindwurm (Lair:2)
  5 deep elf archers
  A golden dragon skeleton (Depths:1)
  A thermic dynamo (Elf:1)
  2 manticores (D:11)
  3 oklob plants (Lair:3)
  2 phantasmal warriors (Crypt:2)
  12 ugly things
  10 deep elf pyromancers
  17 deep elf zephyrmancers
  5 lightning spires (Zot:3)
  2 orc sorcerers (Vaults:5)
  23 moths of wrath
  2 cyclopes
  2 shining eyes
  4 will-o-the-wisps
  A stone giant zombie (Crypt:3)
  2 large abominations (Elf:3)
  12 elephants
  A meliai (shapeshifter) (D:13)
  A centaur zombie (Crypt:3)
  5 black mambas
  Joseph (D:8)
  A black mamba (shapeshifter) (D:13)
  3 torpor snails
  A guardian serpent (shapeshifter) (D:10)
  A molten gargoyle (Lair:5)
  4 gargoyles (Crypt:3)
  7 vault sentinels
  A centaur skeleton (Crypt:3)
  A smoke demon (Depths:4)
  An orange demon (Swamp:4)
  A death yak zombie (Crypt:2)
  Maggie (D:7)
  A dire elephant skeleton (Crypt:3)
  A white draconian zombie (Crypt:1)
  6 cane toads
  3 rime drakes
  Jeremiah (D:7)
  6 komodo dragons
  12 yaktaurs
  4 freezing wraiths
  5 kobold demonologists
  A red devil (Depths:4)
  2 polar bears
  4 tyrant leeches
  2 trolls
  A sea snake skeleton (Crypt:1)
  4 glass eyes
  13 hornets
  2 hellwings (Swamp:4)
  7 blink frogs
  4 dream sheep (Lair:4)
  Grinder (D:5)
  2 harpy skeletons
  4 tarantellas
  An iron dragon simulacrum (Crypt:1)
  A stone giant simulacrum (Depths:1)
  A glass eye (shapeshifter) (Vaults:5)
  A spriggan zombie (Depths:1)
  2 air elementals
  2 shadows (Crypt:3)
  7 fire dragon skeletons (Crypt:3)
  12 spriggans
  4 vampires
  4 wraiths
  11 jumping spiders
  57 slime creatures
  A wyvern (shapeshifter) (Elf:1)
  4 water elementals
  9 wyverns
  9 culicivoras
  19 yaks
  Eustachio (D:6)
  A vampire mosquito (Swamp:2)
  4 golden eyes (Slime:4)
  3 steam dragons
  11 basilisks
  5 fire elementals
  4 humans (D:14)
  A warg (Orc:1)
  A catoblepas simulacrum (Crypt:1)
  8 redbacks
  A chaos spawn (Swamp:4)
  8 swamp worms
  A swamp worm (shapeshifter) (D:10)
  An acid dragon (D:11)
  A glowing shapeshifter zombie (Vaults:3)
  2 small abominations (Elf:3)
  11 water moccasins
  Duvessa (D:5)
  Pargi (D:3)
  5 hell hounds
  A black bear (Lair:1)
  2 swamp drakes
  An ice beast (D:8)
  A sky beast (D:6)
  5 orc warriors
  10 laughing skulls
  2 ogres
  2 boggarts (Vaults:1)
  8 centaurs
  4 wolves
  6 kobold brigands
  2 lemures (D:7)
  11 bullfrogs
  2 earth elementals
  2 scorpions
  2 gnoll sergeants
  5 wights
  33 killer bees
  6 howler monkeys
  A bombardier beetle (D:9)
  4 lava snakes (Lair:5)
  A gnoll bouda (D:5)
  10 orc priests
  3 sleepcaps
  4 hounds
  A jelly (D:5)
  Ijyb (D:3)
  A boggart zombie (D:15)
  4 iguanas
  14 orc wizards
  13 gnolls
  8 adders
  2 shadow imps
  A white imp (D:8)
  2 ufetubi (D:7)
  2 ribbon worms
  62 orcs
  7 ball pythons
  4 endoplasms
  3 giant cockroaches
  4 goblins
  10 hobgoblins
  2 jackals (D:5)
  3 quokkas (D:3)
  A training dummy (D:5)
  3 bats
  3 frilled lizards
  A frilled lizard zombie (Crypt:1)
  17 kobolds
  3 rats
  2 aspiring fleshes (Zot:2)
1368 creatures vanquished.

Vanquished Creatures (collateral kills)
  An orb of fire (Zot:5)
  2 ancient liches (Zot:5)
  3 Killer Klowns
  Saint Roka (Vaults:5)
  A curse toe (Zot:4)
  3 golden dragons
  Arachne (Spider:3)
  Jory (Vaults:2)
  the Enchantress (Depths:1)
  A doom hound (Depths:2)
  4 liches
  11 tentacled monstrosities
  20 Orb Guardians (Zot:5)
  Grunn (Depths:2)
  A titan (Vaults:5)
  3 sphinxes
  5 acid blobs
  A quicksilver dragon (Vaults:5)
  A walking divine tome (Depths:4)
  A deep elf master archer (Elf:3)
  An ancient champion (Crypt:1)
  2 death cobs
  2 thorn hunters
  5 storm dragons
  A tengu reaver (Crypt:3)
  4 draconian monks
  The ghost of fpsbossfight the Warrior, a journeyman DrAE of Vehumet (Swamp:1)
  4 rockslimes (Slime:5)
  3 fenstrider witches (Swamp:4)
  4 shadow dragons
  A revenant (Crypt:1)
  5 frost giants
  4 azure jellies
  5 fire giants
  3 deep elf sorcerers
  2 ghost moths
  5 draconian knights
  4 emperor scorpions
  7 vault wardens
  4 draconian scorchers
  2 draconian shifters
  A draconian stormcaller (Zot:3)
  2 spriggan defenders (Depths:1)
  6 broodmothers
  3 deep elf elementalists
  A draconian annihilator (Zot:5)
  The ghost of Motium the Unseen, an adept SpEn of Uskayaw (Spider:1)
  An orc warlord (Vaults:2)
  10 ironbound preservers
  A juggernaut skeleton (Crypt:3)
  3 ghouls (Crypt:1)
  4 quicksilver oozes
  6 very ugly things
  2 ironbound thunderhulks
  9 stone giants
  2 formless jellyfish (Vaults:2)
  A vampire knight (Depths:2)
  The ghost of MirrMurr the Basher, a journeyman OnBe of Trog (Lair:1)
  6 black draconians
  A war gargoyle (Vaults:2)
  3 deep elf death magi (Elf:3)
  5 green draconians
  4 red draconians
  3 eleionomae
  6 spark wasps
  3 deep elf demonologists (Elf:3)
  A bunyip (Swamp:2)
  Azrael (D:13)
  3 deep elf annihilators
  10 white draconians
  9 yellow draconians
  4 purple draconians
  A blizzard demon (Swamp:4)
  5 ettins
  2 fire dragons
  6 jiangshi
  4 entropy weavers
  A green death (Swamp:4)
  A spriggan zombie (Crypt:3)
  11 yaktaur captains
  A shambling mangrove (Swamp:2)
  2 ice dragons
  10 hydras
  21 vault guards
  An ogre mage (Vaults:5)
  Erolcha (Orc:2)
  9 alligators
  A jorogumo (Spider:2)
  A sphinx zombie (Crypt:1)
  2 ironbound frosthearts (Vaults:4)
  3 radroaches
  5 spriggan air magi
  A death knight (Crypt:1)
  4 centaur warriors
  14 dancing weapons
  2 boulder beetles
  2 two-headed ogres (Vaults:5)
  A death yak (Lair:2)
  2 vampire magi
  2 tengu warriors (D:14)
  The ghost of xight the Thaumaturge, a journeyman DEFE of Vehumet (Lair:2)
  An orc high priest (Orc:2)
  9 demonic crawlers
  2 deep troll earth magi
  A sphinx skeleton (Depths:1)
  2 hell knights
  3 occultists
  6 deep elf knights
  Nergalle (Orc:2)
  A sixfirhy (Swamp:4)
  A bunyip zombie (Crypt:3)
  A titan skeleton (Crypt:3)
  7 pharaoh ants
  14 skeletal warriors
  An iron giant zombie (Crypt:1)
  A shadow demon (Depths:4)
  3 goliath frogs
  11 orb spiders
  6 swamp dragons
  8 spriggan druids
  A sun moth (Spider:3)
  22 deep trolls
  5 ironbound convokers
  7 arcanists
  6 bog bodies
  A shadow dragon zombie (Crypt:3)
  4 phantasmal warriors (Vaults:5)
  5 steelbarb worms
  9 deep elf zephyrmancers
  3 large abominations (Elf:3)
  4 necromancers
  2 lindwurms
  4 deep elf archers
  A manticore (D:13)
  8 orc sorcerers
  14 ugly things
  16 deep elf pyromancers
  An iron dragon zombie (Crypt:3)
  A sphinx simulacrum (Depths:1)
  22 wolf spiders
  2 orc knights
  2 cyclopes (D:14)
  4 shining eyes
  2 dire elephant zombies (Crypt:3)
  3 oklob plants
  5 will-o-the-wisps
  7 moths of wrath
  A black mamba (Lair:5)
  5 vault sentinels
  A centaur zombie (D:15)
  2 orange demons (Swamp:4)
  An eye of devastation (Slime:2)
  3 meliai (Spider:4)
  3 smoke demons (Swamp:4)
  A water nymph (shapeshifter) (Depths:4)
  A centaur skeleton (D:15)
  A molten gargoyle (Lair:5)
  6 torpor snails
  A cane toad (Lair:4)
  A dire elephant skeleton (Crypt:3)
  An alligator snapping turtle skeleton (Crypt:1)
  A rime drake (Lair:3)
  A human zombie (Vaults:3)
  A naga skeleton (Crypt:3)
  2 freezing wraiths
  3 komodo dragons
  2 tengu conjurers (Depths:4)
  9 yaktaurs
  A queen bee (Lair:3)
  3 hellwings (Swamp:4)
  3 polar bears (Lair:4)
  A shadow dragon simulacrum (Depths:1)
  17 tarantellas
  A wolf spider simulacrum (D:14)
  9 hornets
  4 trolls
  A tengu simulacrum (Vaults:3)
  A bloated husk (Swamp:2)
  A queen bee (shapeshifter) (D:15)
  12 tyrant leeches
  A glass eye (Depths:1)
  A harpy skeleton (Crypt:1)
  9 blink frogs (Lair:4)
  An ettin zombie (Crypt:1)
  A frost giant simulacrum (Depths:1)
  19 culicivoras
  A shadow (Crypt:3)
  A spriggan (shapeshifter) (D:15)
  7 spriggans
  27 jumping spiders
  52 slime creatures
  7 water elementals
  2 wraiths
  A vampire (Crypt:3)
  A basilisk (Lair:5)
  A ynoxinul (Depths:4)
  2 fire elementals
  2 wyverns
  A human (D:14)
  40 redbacks
  7 vampire mosquitoes
  5 chaos spawn (Swamp:4)
  3 acid dragons
  3 swamp worms
  4 small abominations (Elf:3)
  A water moccasin (Lair:3)
  3 hell hounds (D:13)
  3 nameless horrors (D:12)
  19 orc warriors
  3 swamp drakes
  3 laughing skulls
  A torpor snail zombie (Crypt:2)
  9 ogres
  A wolf (Lair:3)
  2 boggarts
  A human skeleton (Vaults:3)
  A snapping turtle skeleton (Crypt:2)
  4 centaurs
  2 bullfrogs
  3 earth elementals
  Dowan (D:5)
  3 killer bees (Lair:3)
  A shapeshifter zombie (Crypt:2)
  A spriggan skeleton (Crypt:1)
  A lava snake (Lair:5)
  A human simulacrum (Vaults:3)
  5 orc priests
  28 orc wizards
  A boggart skeleton (Crypt:2)
  A howler monkey zombie (Crypt:1)
  A gnoll (D:4)
  37 orcs
  An endoplasm (D:4)
  A goblin (D:1)
  A training dummy (D:5)
  2 bombardier beetle zombies
  A frilled lizard zombie (Crypt:2)
  A spectral weapon (Swamp:4)
1046 creatures vanquished.

Vanquished Creatures (others)
  A tentacled monstrosity (Zot:4)
  A lich (Crypt:2)
  16 eldritch tentacles
  A tengu reaver (Crypt:3)
  A draconian shifter (Zot:3)
  A ghost moth (Zot:5)
  A green draconian (Zot:2)
  2 black draconians (Zot:3)
  An occultist (Depths:1)
  An orc sorcerer (Orc:2)
  2 air elementals (Zot:3)
  A human (D:14)
  28 foxfires
57 creatures vanquished.

Grand Total: 2471 creatures vanquished

Notes
Turn   | Place    | Note
-------+----------+-------------------------------------------
     0 | D:1      | Ge0ff the Mountain Dwarf Necromancer began the quest for
                  | the Orb.
     0 | D:1      | Reached XP level 1. HP: 14/14 MP: 3/3
   250 | D:1      | Reached skill level 1 in Fighting
   270 | D:1      | Reached XP level 2. HP: 23/23 MP: 3/5
  1154 | D:2      | Reached skill level 5 in Necromancy
  1246 | D:2      | Reached XP level 3. HP: 28/28 MP: 2/6
  1903 | D:3      | Found a radiant altar of Vehumet.
  1954 | D:3      | Identified the +0 pair of gloves "Kotweem" {rC+ Dex+3 SInv}
  1968 | D:3      | Reached XP level 4. HP: 34/35 MP: 3/7
  1984 | D:3      | Noticed Ijyb
  2285 | D:3      | Killed Ijyb
  2286 | D:3      | Reached skill level 6 in Necromancy
  2517 | D:3      | Noticed Pargi
  2538 | D:3      | Killed Pargi
  2539 | D:3      | Reached skill level 7 in Necromancy
  2539 | D:3      | Reached XP level 5. HP: 28/40 MP: 8/8
  2639 | D:4      | Learned a level 3 spell: Vampiric Draining
  2806 | D:4      | Reached skill level 1 in Evocations
  3133 | D:4      | Reached XP level 6. HP: 47/47 MP: 6/9
  3342 | D:4      | Found a glowing silver altar of Zin.
  3503 | D:4      | Learned a level 5 spell: Irradiate
  3642 | D:4      | Found a stormy altar of Qazlal.
  3673 | D:5      | Entered Level 5 of the Dungeon
  3833 | D:5      | Reached skill level 1 in Conjurations
  3891 | D:5      | Reached skill level 1 in Alchemy
  4519 | D:5      | Reached XP level 7. HP: 51/55 MP: 3/10
  4572 | D:5      | Found an iron altar of Okawaru.
  4577 | D:5      | Found a hazy altar of Hepliaklqana.
  4580 | D:5      | Noticed Grinder
  4614 | D:5      | Noticed Duvessa
  4614 | D:5      | Noticed Dowan
  4939 | D:6      | Noticed Eustachio
  4951 | D:6      | Killed Eustachio
  5855 | D:7      | Reached XP level 8. HP: 39/61 MP: 8/12
  6270 | D:7      | Found a burning altar of Makhleb.
  6737 | D:7      | Found a broken altar of Ashenzari.
  6742 | D:7      | Became a worshipper of Ashenzari the Shackled
  6900 | D:7      | Noticed Maggie
  6997 | D:5      | Paralysed by Grinder for 3 turns
  7012 | D:5      | Killed Grinder
  7132 | D:5      | Killed Duvessa
  7133 | D:5      | Reached skill level 5 in Conjurations
  7136 | D:5      | Killed Dowan
  7287 | D:7      | Noticed Pikel
  7301 | D:7      | Noticed Jeremiah
  7499 | D:7      | Killed Jeremiah
  7500 | D:7      | Reached skill level 5 in Alchemy
  7500 | D:7      | Reached XP level 9. HP: 43/67 MP: 10/15
  7624 | D:7      | Killed Maggie
  7732 | D:7      | Killed Pikel
  8042 | D:7      | Found a staircase to the Ecumenical Temple.
  8059 | Temple   | Entered the Ecumenical Temple
  8517 | D:8      | Reached skill level 5 in Spellcasting
  8658 | D:8      | Noticed Joseph
  8680 | D:8      | Killed Joseph
  8687 | D:8      | Identified the cursed +0 pair of boots of the Gnostic
                  | Secrets {Elem, Fort} (You found it on level 7 of the
                  | Dungeon)
  8787 | D:8      | Noticed a boulder beetle
  9157 | D:8      | Reached XP level 10. HP: 63/73 MP: 10/17
  9239 | D:8      | Noticed a two-headed ogre
  9391 | D:8      | Killed a two-headed ogre
  9600 | D:8      | Killed a boulder beetle
  9914 | D:8      | Found a sacrificial altar of Ru.
 10311 | D:8      | Found a sacrificial altar of Ru.
 10746 | D:9      | Found a bloodstained altar of Trog.
 10927 | D:9      | Reached * piety under Ashenzari
 11208 | D:9      | Found a snail-covered altar of Cheibriados.
 11358 | D:9      | Found Epuow's Book Shoppe.
 11493 | D:9      | Noticed a cyan ugly thing
 11504 | D:9      | Killed a cyan ugly thing
 12386 | D:9      | Found a staircase to the Orcish Mines.
 12391 | D:9      | Found a roughly hewn altar of Beogh.
 12752 | D:9      | Found a shadowy altar of Dithmenos.
 12752 | D:9      | Found a sparkling altar of Nemelex Xobeh.
 12919 | D:10     | Entered Level 10 of the Dungeon
 12919 | D:10     | Noticed a two-headed ogre
 12923 | D:10     | Killed a two-headed ogre
 12924 | D:10     | Reached XP level 11. HP: 81/81 MP: 7/18
 13024 | D:10     | Reached ** piety under Ashenzari
 13032 | D:10     | Found a white marble altar of Elyvilon.
 13084 | D:10     | Reached skill level 1 in Shields
 13917 | D:10     | Noticed a frost giant
 13917 | D:10     | Noticed a centaur warrior
 13917 | D:10     | Noticed a centaur warrior
 13917 | D:10     | Identified the ring "Zeoz Pus" {rN+ Int+2 SInv}
 13917 | D:10     | Identified the ring "Coqixyil" {rCorr Stlth+}
 13918 | D:10     | Found a runed translucent door.
 13920 | D:10     | Noticed a centaur warrior
 13920 | D:10     | Identified the +0 ring mail "Kosoheh" {Regen+ Dex+4}
 13920 | D:10     | Identified the Handbook of Bright Portents
 13947 | D:10     | Noticed a two-headed ogre
 13953 | D:10     | Killed a two-headed ogre
 14278 | D:10     | Noticed a two-headed ogre
 14289 | D:10     | Killed a two-headed ogre
 14432 | D:9      | Bought a book of Unlife for 540 gold pieces
 14440 | D:9      | Learned a level 5 spell: Borgnjor's Vile Clutch
 14526 | D:11     | Found a staircase to the Lair.
 14530 | D:11     | Identified the +0 robe of the Dice {rN+ Stlth+}
 14533 | D:11     | Noticed a centaur warrior
 14550 | D:11     | Killed a centaur warrior
 14551 | D:11     | Reached skill level 1 in Earth Magic
 15361 | D:11     | Reached *** piety under Ashenzari
 15844 | Lair:1   | Entered Level 1 of the Lair of Beasts
 16089 | Lair:1   | Reached skill level 5 in Earth Magic
 16095 | Lair:1   | Reached **** piety under Ashenzari
 16429 | Lair:1   | Found a runed translucent door.
 16430 | Lair:1   | Noticed MirrMurr's ghost (journeyman OnBe)
 16431 | Lair:1   | Identified the +5 trident "Worm" {flame, rC+ Int+5}
 16431 | Lair:1   | Noticed a spriggan rider
 16642 | Lair:1   | Learned a level 5 spell: Summon Mana Viper
 16830 | Lair:1   | Learned a level 4 spell: Martyr's Knell
 17269 | Lair:2   | Reached skill level 1 in Hexes
 17269 | Lair:2   | Reached skill level 1 in Summonings
 17361 | Lair:2   | Noticed a skyshark
 17374 | Lair:2   | Killed a skyshark
 17375 | Lair:2   | Reached XP level 12. HP: 97/97 MP: 1/25
 17639 | Lair:2   | Reached ***** piety under Ashenzari
 17810 | Lair:2   | Found a transporter.
 17814 | Lair:2   | Noticed xight's ghost (journeyman DEFE)
 17816 | Lair:2   | Noticed a four-headed hydra
 17819 | Lair:2   | Noticed a seven-headed hydra
 17821 | Lair:2   | Reached skill level 1 in Polearms
 17894 | Lair:2   | Found a transporter.
 17961 | Lair:2   | Found a hole to the Spider Nest.
 17985 | Lair:2   | Noticed a death yak
 17987 | Lair:2   | Noticed a death yak
 17996 | Lair:2   | Killed a death yak
 18005 | Lair:2   | Killed a death yak
 18487 | Lair:2   | Found a staircase to the Swamp.
 19179 | Lair:3   | Noticed Urug
 19182 | Lair:3   | Urug changed into Urug the death drake
 19182 | Lair:3   | Noticed Urug
 19188 | Lair:3   | Killed Urug the death drake
 19751 | Lair:3   | Reached skill level 5 in Summonings
 20080 | Lair:3   | Reached skill level 1 in Armour
 20757 | Lair:3   | Noticed Sonja
 20770 | Lair:3   | Killed Sonja
 21025 | Lair:3   | Reached skill level 5 in Fighting
 21045 | Lair:3   | Reached XP level 13. HP: 83/107 MP: 9/27
 21179 | Lair:3   | Identified the ring of Tyah {rF+ rCorr MP+9 Str+2}
 21251 | Lair:3   | Reached skill level 5 in Polearms
 21312 | Lair:3   | Identified the +3 dagger "Gualuoqu" {flame, rC+ Will+ MP+9
                  | Dex-5}
 22300 | Lair:4   | Reached ****** piety under Ashenzari
 22836 | Lair:4   | Found a viscous altar of Jiyva.
 22847 | Lair:4   | Found a staircase to the Slime Pits.
 22907 | Lair:4   | Reached skill level 8 in Necromancy
 24022 | Lair:4   | Learned a level 7 spell: Monstrous Menagerie
 24048 | Lair:5   | Entered Level 5 of the Lair of Beasts
 25564 | Lair:5   | Found a large runed translucent door.
 25564 | Lair:5   | Noticed a fire dragon
 25852 | Lair:5   | Reached XP level 14. HP: 114/121 MP: 20/30
 26194 | Lair:5   | Found a large runed translucent door.
 27416 | Lair:1   | Killed MirrMurr's ghost
 27636 | D:10     | Killed a frost giant
 27649 | D:10     | Reached skill level 10 in Summonings
 27918 | Orc:1    | Entered Level 1 of the Orcish Mines
 28018 | Orc:1    | Found a roughly hewn altar of Beogh.
 28175 | Orc:1    | Reached skill level 10 in Polearms
 28417 | Orc:1    | Found Zepov's Magic Scroll Boutique.
 28420 | Orc:1    | Bought a scroll of acquirement for 728 gold pieces
 28569 | Orc:2    | Entered Level 2 of the Orcish Mines
 29263 | Orc:2    | Found a staircase to the Elven Halls.
 29728 | Orc:2    | Found Neket's Magic Scroll Shop.
 29749 | Orc:2    | Found a radiant altar of Vehumet.
 29749 | Orc:2    | Noticed Erolcha
 29764 | Orc:2    | Killed Erolcha
 29869 | Orc:2    | Found Damun's Jewellery Boutique.
 29874 | Orc:2    | Noticed Nergalle
 29887 | Orc:2    | Killed Nergalle
 29960 | Orc:2    | Found an ancient bone altar of Kikubaaqudgha.
 30093 | Orc:2    | Found a roughly hewn altar of Beogh.
 30093 | Orc:2    | Found Paguo's Book Boutique.
 30138 | Orc:2    | Found Inaqef's Antique Weapon Shop.
 30433 | Orc:2    | Acquired a manual of Necromancy
 31656 | D:13     | Noticed Snorg
 31657 | D:13     | Noticed Azrael
 31669 | D:13     | Killed Azrael
 31681 | D:13     | Killed Snorg
 31973 | D:13     | Found a portal to a secret trove of treasure.
 32510 | D:14     | Reached XP level 15. HP: 22/119 MP: 21/29
 33271 | Orc:2    | Bought an amulet of magic regeneration for 450 gold pieces
 33496 | D:14     | Identified the +6 great sword of the Scavenger {drain, rC+
                  | rCorr}
 33506 | D:14     | Found a gate to the Vaults.
 33772 | D:15     | Entered Level 15 of the Dungeon
 33976 | D:15     | Identified the +3 ring mail of Ilaor {Regen+}
 34076 | D:15     | Found a staircase to the Depths.
 34542 | Swamp:1  | Entered Level 1 of the Swamp
 34569 | Swamp:1  | Identified the +3 rapier of the Final Decision {freeze, rF-
                  | rC+ rN++}
 34577 | Swamp:1  | Noticed a tentacled monstrosity
 34585 | Swamp:1  | Killed a tentacled monstrosity
 34630 | Swamp:1  | Identified the +1 leather armour "Appypp" {rC+ Dex+3}
 35130 | Swamp:1  | Found a runed translucent door.
 35148 | Swamp:1  | Noticed fpsbossfight's ghost (journeyman DrAE)
 35285 | Swamp:1  | Killed fpsbossfight's ghost
 35662 | Swamp:1  | Gained mutation: You have hidden genetic defects.
                  | [mutagenic glow]
 35747 | Swamp:1  | Lost mutation: You have hidden genetic defects. [potion of
                  | mutation]
 35747 | Swamp:1  | Gained mutation: You have hidden genetic potential. [potion
                  | of mutation]
 35747 | Swamp:1  | Gained mutation: You occasionally lose the ability to read
                  | scrolls when taking damage. [potion of mutation]
 36069 | Swamp:2  | Reached skill level 10 in Spellcasting
 36504 | Swamp:2  | Reached XP level 16. HP: 116/132 MP: 18/32
 36766 | Swamp:2  | Noticed a tentacled monstrosity
 36782 | Swamp:2  | Noticed a tentacled monstrosity
 36791 | Swamp:2  | Killed a tentacled monstrosity
 36795 | Swamp:2  | Killed a tentacled monstrosity
 36905 | Swamp:2  | Noticed a thorn hunter
 36911 | Swamp:2  | Killed a thorn hunter
 37132 | Swamp:3  | Noticed a thorn hunter
 37379 | Swamp:2  | Killed a thorn hunter
 37930 | Swamp:4  | Entered Level 4 of the Swamp
 37941 | Swamp:4  | Reached skill level 5 in Evocations
 38177 | Swamp:4  | Noticed a thorn hunter
 38185 | Swamp:4  | Killed a thorn hunter
 38700 | Swamp:3  | Gained mutation: You have an increased reservoir of magic.
                  | (+10% MP) [hidden potential]
 39659 | Swamp:4  | Got a decaying rune of Zot
 40320 | Swamp:4  | Learned a level 8 spell: Lehudib's Crystal Spear
 40328 | Swamp:4  | Learned a level 7 spell: Spellforged Servitor
 40461 | Lair:2   | Reached XP level 17. HP: 90/150 MP: 39/40
 40587 | Lair:2   | Killed xight's ghost
 40679 | Spider:1 | Entered Level 1 of the Spider Nest
 40926 | Spider:1 | Reached skill level 10 in Fighting
 41503 | Spider:1 | Found a large runed translucent door.
 41504 | Spider:1 | Found a large runed translucent door.
 41506 | Spider:1 | Noticed Motium's ghost (adept SpEn)
 41536 | Spider:1 | Killed Motium's ghost
 41549 | Spider:1 | Reached skill level 10 in Conjurations
 42001 | Spider:2 | Gained mutation: You passively map a small area around you.
                  | [hidden potential]
 42001 | Spider:2 | Lost mutation: You have hidden genetic potential. [hidden
                  | potential expressed]
 42733 | Spider:3 | Reached skill level 10 in Earth Magic
 42848 | Spider:3 | Noticed Arachne
 42860 | Spider:3 | Killed Arachne
 43813 | Spider:4 | Entered Level 4 of the Spider Nest
 44050 | Spider:4 | Identified the +4 dagger of the Beginning {heavy, Int+3
                  | Dex+2}
 44201 | Spider:3 | Reached XP level 18. HP: 138/160 MP: 39/41
 44322 | Spider:4 | Reached skill level 1 in Throwing
 46098 | Spider:4 | Got a gossamer rune of Zot
 46590 | Elf:1    | Entered Level 1 of the Elven Halls
 47500 | Elf:1    | Found a radiant altar of Vehumet.
 47973 | Elf:2    | Paralysed by an air elemental for 1 turns
 48199 | Elf:2    | Found an ancient bone altar of Kikubaaqudgha.
 48316 | Elf:2    | Identified the +6 dagger of Death {freeze, rC+ Will+ Int-5}
 48325 | Elf:2    | Found a runed translucent gate.
 48325 | Elf:2    | Found a runed translucent gate.
 48365 | Elf:2    | Found a runed translucent gate.
 48752 | Elf:2    | Reached XP level 19. HP: 154/167 MP: 33/42
 49508 | Elf:3    | Entered Level 3 of the Elven Halls
 49537 | Elf:3    | Reached skill level 5 in Throwing
 49606 | Elf:3    | Found Zeur's Jewellery Boutique.
 49781 | Elf:3    | Found Egyill's Distillery.
 49786 | Elf:3    | Bought a potion of cancellation for 120 gold pieces
 49789 | Elf:3    | Identified the staff of the Open Hand {rF+ Dex+5 Fire}
 49871 | Elf:3    | Found Wunilif's Jewellery Boutique.
 49878 | Elf:3    | Found Pebevi's Jewellery Shoppe.
 50539 | Elf:3    | Found the +9 sword of Zonguldrok {reap}
 50539 | Elf:3    | Identified the +8 hand axe of Qithruy {freeze, rN+ Str-4
                  | Int+4}
 50558 | Elf:3    | Learned a level 3 spell: Passwall
 50605 | Elf:3    | Identified the +7 long sword of Yfammyan {flame, rElec rC+
                  | rN+}
 50722 | Abyss:2  | Cast into level 2 of the Abyss (a deep elf sorcerer)
 50736 | Elf:3    | Escaped the Abyss
 50736 | Elf:3    | Identified the +4 scale mail of the Morning Star {rElec
                  | Str+2}
 50743 | Elf:3    | Identified the +6 battleaxe of the Hurling Visionary
                  | {antimagic, Dex+4}
 51082 | Elf:3    | Noticed a Tzitzimitl
 51103 | Elf:3    | Identified the +5 chain mail of the Platytaur {rElec rF+}
 51201 | Elf:3    | Identified the +0 robe of Haffyth Ociw {+Inv Dex+4 SInv
                  | Stlth+}
 51202 | Elf:3    | Identified Zischuej's Compendium of the Cooperative Voyage
 51211 | Elf:3    | Identified the staff of Oxauloet {rPois rF+ rC+ Ice}
 51214 | Elf:3    | Identified the +0 shortbow of Moderation {flame, rF+ Int+5}
 51281 | Elf:3    | Identified the Compendium of Nebulous Execration
 51285 | Elf:3    | Identified Sif Muna's Codex of the Mob and Jinxing
 51778 | Vaults:1 | Entered Level 1 of the Vaults
 51902 | Vaults:1 | Paralysed by a formless jellyfish for 1 turns
 51948 | Vaults:1 | Found Otudutz's Magic Scroll Boutique.
 51953 | Vaults:1 | Bought a scroll of fear for 80 gold pieces
 51963 | Vaults:1 | Found a flickering gateway to a bazaar.
 51968 | Bazaar   | Entered a bazaar
 52001 | Bazaar   | Found Tesadwuj's Jewellery Emporium.
 52001 | Bazaar   | Found Antaplal's Magic Scroll Shoppe.
 52015 | Bazaar   | Bought a scroll of immolation for 52 gold pieces
 52015 | Bazaar   | Bought 2 scrolls of teleportation for 78 gold pieces
 52015 | Bazaar   | Bought a scroll of enchant armour for 97 gold pieces
 52015 | Bazaar   | Bought a scroll of butterflies for 52 gold pieces
 52015 | Bazaar   | Bought a scroll of fog for 52 gold pieces
 52017 | Bazaar   | Bought the amulet "Raiwn" {Reflect Regen+ Str+2 Int+3 SH+5}
                  | for 522 gold pieces
 52167 | Vaults:1 | Paralysed by a formless jellyfish for 1 turns
 52383 | Vaults:1 | Found Depn's General Store.
 52391 | Vaults:1 | Bought a scroll of acquirement for 624 gold pieces
 52391 | Vaults:1 | Bought a potion of haste for 120 gold pieces
 52391 | Vaults:1 | Acquired 836 gold pieces
 52553 | Vaults:1 | Found Arazeoph's Armour Emporium.
 53484 | Vaults:1 | Reached XP level 20. HP: 170/170 MP: 31/42
 53990 | Vaults:2 | Paralysed by a formless jellyfish for 1 turns
 54298 | Vaults:2 | Identified the ring of Vogeguh {rElec Will- rCorr MP+9
                  | Int+4}
 55157 | Vaults:2 | Identified the +11 falchion of Hepliaklqana's Delight
                  | {speed, rF+ rN+ Will+}
 55664 | Vaults:2 | Noticed Jory
 55682 | Vaults:2 | Killed Jory
 56690 | Vaults:3 | Reached skill level 15 in Spellcasting
 57873 | Vaults:3 | Found the +7 great mace "Firestarter" {flame, immolate,
                  | rFlCloud rF++}
 57921 | Vaults:3 | Found a staircase to the Crypt.
 58054 | Vaults:4 | Noticed Zenata
 58059 | Vaults:4 | Killed Zenata
 60012 | Depths:1 | Entered Level 1 of the Depths
 60203 | Depths:1 | Reached XP level 21. HP: 145/182 MP: 40/44
 60216 | Depths:1 | Noticed the Enchantress
 60224 | Depths:1 | Killed the Enchantress
 60668 | Depths:1 | Found a gateway to Hell.
 60687 | Depths:1 | Reached skill level 15 in Earth Magic
 61113 | Depths:1 | Found Pufirhit's Magic Scroll Shop.
 61153 | Depths:1 | Identified the +2 sling "Veiliumy" {drain, rCorr Str+3}
 62063 | D:13     | You paid a toll of +5 ice dragon scales to enter a treasure
                  | trove
 62064 | Trove    | Entered a treasure trove
 62168 | Depths:2 | Found Humm's Distillery.
 62180 | Depths:2 | Bought a potion of heal wounds for 65 gold pieces
 62218 | Depths:2 | Reached skill level 15 in Fighting
 62429 | Depths:2 | Reached skill level 5 in Shields
 62598 | Depths:2 | Reached skill level 9 in Necromancy
 62929 | Depths:2 | Found Oneiqi Daih's Book Shoppe.
 63307 | Depths:2 | Found Weoddiet's Jewellery Shoppe.
 63797 | Depths:2 | Noticed Grunn
 63806 | Depths:2 | Killed Grunn
 63807 | Depths:2 | Reached skill level 5 in Dodging
 64090 | Depths:2 | Learned a level 5 spell: Lee's Rapid Deconstruction
 64108 | Depths:2 | Found Ymeh's Weapon Emporium.
 64273 | Depths:2 | Found a one-way gate leading to the halls of Pandemonium.
 64397 | Depths:2 | Found a glowing golden altar of the Shining One.
 64538 | Depths:2 | Noticed a golden dragon
 64544 | Depths:2 | Killed a golden dragon
 64914 | Depths:3 | Found an iron altar of Okawaru.
 65164 | Depths:3 | Found a runed translucent door.
 65166 | Depths:3 | Noticed an ancient lich
 65167 | Depths:3 | Found a runed translucent door.
 65167 | Depths:3 | Found a runed translucent door.
 65490 | Depths:3 | Reached skill level 10 in Necromancy
 65610 | Depths:3 | Found a one-way gateway to a ziggurat.
 65635 | Depths:3 | Found a one-way gate to the infinite horrors of the Abyss.
 65713 | Depths:3 | Noticed a golden dragon
 65721 | Depths:3 | Killed a golden dragon
 66776 | Depths:3 | Found Dochaluu's Book Boutique.
 66776 | Depths:3 | Found Oseoteek's Jewellery Emporium.
 66778 | Depths:3 | Found Boadgh's Jewellery Emporium.
 67105 | Depths:3 | Identified the staff of Disembowelment {rElec rN+ Int+2
                  | Dex+2 Air}
 67141 | Depths:3 | Reached XP level 22. HP: 114/201 MP: 37/49
 67469 | Depths:3 | Reached skill level 11 in Necromancy
 67476 | Depths:3 | Killed an ancient lich
 67477 | Depths:3 | Reached skill level 10 in Evocations
 67615 | Depths:4 | Entered Level 4 of the Depths
 67940 | Depths:4 | Reached skill level 12 in Necromancy
 69039 | Depths:4 | Found a gate to the Realm of Zot.
 70124 | Crypt:1  | Entered Level 1 of the Crypt
 70148 | Crypt:1  | Reached skill level 13 in Necromancy
 70987 | Crypt:1  | Learned a level 4 spell: Dispel Undead
 71017 | Crypt:1  | Reached skill level 14 in Necromancy
 71457 | Crypt:1  | Learned a level 2 spell: Blink
 71644 | Crypt:2  | Reached skill level 1 in Translocations
 72026 | Crypt:2  | Reached skill level 15 in Necromancy
 72564 | Crypt:2  | Reached skill level 16 in Necromancy
 73226 | Crypt:3  | Entered Level 3 of the Crypt
 73476 | Crypt:3  | Reached skill level 17 in Necromancy
 73663 | Crypt:3  | Reached XP level 23. HP: 204/215 MP: 43/51
 74324 | Crypt:3  | Noticed Sojobo
 74836 | Crypt:3  | Reached skill level 18 in Necromancy
 75169 | Crypt:3  | Found a staircase to the Tomb.
 75172 | Crypt:3  | Identified Ereshkigal's Folio of Abominable Spells
 75346 | Crypt:3  | Identified the +8 glaive "Mitte Lytem" {pain, rN+ Str+3}
 75461 | Crypt:3  | Paralysed by an air elemental for 1 turns
 75463 | Crypt:3  | Identified the staff of Fate {rPois Summ Earth Alchemy}
 75508 | Crypt:3  | Noticed a dread lich
 75514 | Crypt:3  | Killed a dread lich
 75876 | Crypt:3  | Killed Sojobo
 76150 | Crypt:3  | Found an ancient bone altar of Kikubaaqudgha.
 76152 | Crypt:3  | Noticed an ancient lich
 76160 | Crypt:3  | Killed an ancient lich
 76161 | Crypt:3  | Reached skill level 19 in Necromancy
 76339 | Crypt:3  | Noticed an ancient lich
 76345 | Crypt:3  | Killed an ancient lich
 76351 | Crypt:3  | Identified the ring "Laesoro" {rElec rCorr AC+4 Int-4
                  | Slay+3}
 77061 | Slime:1  | Entered Level 1 of the Pits of Slime
 77864 | Slime:2  | Reached skill level 20 in Necromancy
 79627 | Slime:4  | Gained mutation: You are dopey. (Int -2) [a shining eye]
 79628 | Slime:4  | Gained mutation: You have hidden genetic defects. [a
                  | shining eye]
 79630 | Slime:4  | Lost mutation: You occasionally lose the ability to read
                  | scrolls when taking damage. [potion of mutation]
 79630 | Slime:4  | Lost mutation: You are dopey. (Int -2) [potion of mutation]
 79630 | Slime:4  | Gained mutation: Your muscles are strong. (Str +4, Int/Dex
                  | -1) [potion of mutation]
 79630 | Slime:4  | Lost mutation: You have an increased reservoir of magic.
                  | (+10% MP) [potion of mutation]
 79630 | Slime:4  | Gained mutation: You passively dampen the noise of your
                  | surroundings. [potion of mutation]
 79631 | Slime:4  | Lost mutation: You have hidden genetic defects. [potion of
                  | mutation]
 79631 | Slime:4  | Lost mutation: You passively dampen the noise of your
                  | surroundings. [potion of mutation]
 79631 | Slime:4  | Lost mutation: You passively map a small area around you.
                  | [potion of mutation]
 79631 | Slime:4  | Gained mutation: Your muscles are very strong. (Str +8,
                  | Int/Dex -2) [potion of mutation]
 79631 | Slime:4  | Gained mutation: Your mind is acute. (Int +4, Str/Dex -1)
                  | [potion of mutation]
 79631 | Slime:4  | Gained mutation: You are partially covered in iridescent
                  | scales. (AC +2) [potion of mutation]
 79868 | Slime:5  | Entered Level 5 of the Pits of Slime
 79868 | Slime:5  | Identified the +0 robe of Dacag {rC- rN+ Int+3}
 79895 | Slime:5  | Reached skill level 21 in Necromancy
 80532 | Slime:5  | Noticed the Royal Jelly
 80593 | Slime:5  | Identified the staff "Byachei" {Str+6 Conj}
 81068 | Slime:5  | the Royal Jelly changed into a shard shrike shaped Royal
                  | Jelly
 81068 | Slime:5  | Noticed a shard shrike shaped Royal Jelly
 81071 | Slime:5  | Killed a shard shrike shaped Royal Jelly
 81563 | Slime:5  | Learned a level 1 spell: Apportation
 81580 | Slime:5  | Identified the +3 short sword of the Sage {heavy, Int+2
                  | Stlth+}
 81738 | Slime:5  | Got a slimy rune of Zot
 82784 | Vaults:5 | Entered Level 5 of the Vaults
 82793 | Vaults:5 | Identified the Disquisition on the Mighty Blink Frog
 82793 | Vaults:5 | Noticed an ancient lich
 82818 | Vaults:5 | Killed an ancient lich
 82819 | Vaults:5 | Reached skill level 22 in Necromancy
 82839 | Vaults:5 | Reached XP level 24. HP: 218/224 MP: 33/47
 82952 | Vaults:5 | Noticed Mara
 82972 | Vaults:5 | Noticed Ge0ff's illusion
 83004 | Vaults:5 | Identified the +1 scimitar of Dawn {protect, rElec rN+
                  | Str+2}
 83188 | Vaults:5 | Identified the +3 broad axe "Vamievev" {heavy, Str+4 Dex-5}
 83209 | Vaults:5 | Reached skill level 23 in Necromancy
 83997 | Vaults:5 | Killed Mara
 84013 | Vaults:5 | Identified the +2 leather armour of Least Resistance {-Cast
                  | Regen+ Dex+7}
 84242 | Vaults:5 | Identified the +2 chain mail of the Gate {rPois rF- Str+5}
 84334 | Vaults:5 | Identified the +2 helmet of Duck's Teeth {Harm Will+}
 84496 | Vaults:5 | Reached skill level 24 in Necromancy
 84601 | Vaults:5 | Identified the +3 arbalest of Nypsuapp {flame, ^Contam
                  | rElec rPois rCorr}
 84606 | Vaults:5 | Noticed Bai Suzhen
 84615 | Vaults:5 | Killed Bai Suzhen
 85008 | Vaults:5 | Identified the Meditations on the Traveller
 85008 | Vaults:5 | Identified the Encyclopedia of Planar Energy
 85173 | Vaults:5 | Identified the staff of Turmoil {rN+ Str+3 Int+3 Necro}
 85300 | Vaults:5 | Noticed Saint Roka
 85307 | Vaults:5 | Killed Saint Roka
 85577 | Vaults:5 | Reached skill level 25 in Necromancy
 85856 | Vaults:5 | Identified the +9 falchion of Naraiz {vamp, rC+ Dex+3}
 86170 | Vaults:5 | Found Awkytuck's Distillery.
 86224 | Vaults:5 | Bought 2 potions of curing for 102 gold pieces
 86224 | Vaults:5 | Bought a potion of brilliance for 68 gold pieces
 86224 | Vaults:5 | Bought a potion of heal wounds for 85 gold pieces
 86224 | Vaults:5 | Bought a potion of ambrosia for 136 gold pieces
 86224 | Vaults:5 | Bought a potion of magic for 136 gold pieces
 86224 | Vaults:5 | Bought a potion of curing for 51 gold pieces
 86224 | Vaults:5 | Bought 2 potions of resistance for 340 gold pieces
 86329 | Vaults:5 | Identified Sif Muna's Atlas of Dismal Doom
 86329 | Vaults:5 | Identified the +5 hand axe "Gecku" {drain, Str+2 Int+3
                  | Stlth-}
 86329 | Vaults:5 | Identified the +3 rapier "Osiedena" {vamp, rElec Str+2
                  | Dex+3}
 86336 | Vaults:5 | Got a silver rune of Zot
 86725 | Depths:1 | Bought a scroll of immolation for 52 gold pieces
 86725 | Depths:1 | Bought a scroll of revelation for 97 gold pieces
 86725 | Depths:1 | Bought a scroll of teleportation for 39 gold pieces
 86725 | Depths:1 | Bought a scroll of enchant armour for 97 gold pieces
 86725 | Depths:1 | Bought a scroll of enchant armour for 97 gold pieces
 86766 | Depths:2 | Bought a potion of resistance for 130 gold pieces
 86766 | Depths:2 | Bought a potion of might for 52 gold pieces
 86766 | Depths:2 | Bought 2 potions of resistance for 260 gold pieces
 86766 | Depths:2 | Bought a potion of curing for 39 gold pieces
 86766 | Depths:2 | Bought 2 potions of brilliance for 104 gold pieces
 86766 | Depths:2 | Bought a potion of cancellation for 104 gold pieces
 86766 | Depths:2 | Bought a potion of mutation for 104 gold pieces
 86766 | Depths:2 | Bought a potion of enlightenment for 65 gold pieces
 86896 | Vaults:1 | Bought a scroll of enchant armour for 150 gold pieces
 86896 | Vaults:1 | Bought a scroll of butterflies for 80 gold pieces
 87106 | Orc:1    | Bought 3 scrolls of fog for 168 gold pieces
 87224 | Orc:2    | Bought a scroll of poison for 56 gold pieces
 87224 | Orc:2    | Bought a scroll of butterflies for 56 gold pieces
 87224 | Orc:2    | Bought a scroll of immolation for 56 gold pieces
 87224 | Orc:2    | Bought a scroll of fog for 56 gold pieces
 87224 | Orc:2    | Bought 2 scrolls of silence for 266 gold pieces
 87224 | Orc:2    | Bought a scroll of fog for 56 gold pieces
 87224 | Orc:2    | Bought a scroll of fog for 56 gold pieces
 87224 | Orc:2    | Bought a scroll of poison for 56 gold pieces
 87337 | Elf:3    | Bought a potion of haste for 150 gold pieces
 87337 | Elf:3    | Bought a potion of resistance for 150 gold pieces
 87337 | Elf:3    | Bought a potion of might for 60 gold pieces
 87337 | Elf:3    | Bought a potion of might for 60 gold pieces
 87337 | Elf:3    | Bought a potion of heal wounds for 75 gold pieces
 87337 | Elf:3    | Bought a potion of haste for 150 gold pieces
 87473 | Orc:2    | Bought a book of Blasting for 364 gold pieces
 87781 | Zot:1    | Entered Level 1 of the Realm of Zot
 88371 | Depths:4 | Reached XP level 25. HP: 214/231 MP: 23/48
 88477 | Depths:4 | Learned a level 7 spell: Malign Gateway
 90082 | Zot:1    | Reached skill level 26 in Necromancy
 92585 | Zot:2    | Reached skill level 27 in Necromancy
 94312 | Zot:3    | Noticed a Killer Klown
 94321 | Zot:3    | Paralysed by an air elemental for 1 turns
 94322 | Zot:3    | Killed a Killer Klown
 94346 | Zot:3    | Gained mutation: You are clumsy. (Dex -2) [mutagenic glow]
 94914 | Zot:3    | Identified the Encyclopedia of the Zephyr
 95128 | Zot:3    | Noticed a Killer Klown
 95146 | Zot:3    | Killed a Killer Klown
 95188 | Zot:3    | Reached skill level 15 in Conjurations
 96416 | Zot:3    | Reached XP level 26. HP: 183/242 MP: 13/48
 98160 | Zot:4    | Reached skill level 5 in Stealth
 99586 | Zot:5    | Entered Level 5 of the Realm of Zot
101024 | Zot:5    | Noticed a dread lich
101030 | Zot:5    | Killed a dread lich
101127 | Zot:5    | Reached skill level 15 in Evocations
101471 | Zot:5    | Noticed an ancient lich
101480 | Zot:5    | Killed an ancient lich
101911 | Zot:5    | Noticed an orb of fire
101913 | Zot:5    | Gained mutation: You are occasionally teleported next to
                  | monsters. [an orb of fire]
101918 | Zot:5    | Killed an orb of fire
101925 | Zot:5    | Lost mutation: You are partially covered in iridescent
                  | scales. (AC +2) [potion of mutation]
101925 | Zot:5    | Lost mutation: You are occasionally teleported next to
                  | monsters. [potion of mutation]
101925 | Zot:5    | Lost mutation: You are clumsy. (Dex -2) [potion of
                  | mutation]
101925 | Zot:5    | Gained mutation: Your spells are a little easier to cast,
                  | but a little less powerful. [potion of mutation]
101925 | Zot:5    | Gained mutation: You possess an exceptional clarity of
                  | mind. [potion of mutation]
102068 | Zot:5    | Noticed a dread lich
102080 | Zot:5    | Killed a dread lich
102476 | Zot:5    | Identified the +1 spear "Xuuruux" {drain, rElec rC+}
102601 | Zot:5    | Noticed an orb of fire
102605 | Zot:5    | Lost mutation: Your mind is acute. (Int +4, Str/Dex -1) [an
                  | orb of fire]
102610 | Zot:5    | Killed an orb of fire
102785 | Zot:5    | Noticed an ancient lich
102791 | Zot:5    | Killed an ancient lich
102792 | Zot:5    | Reached XP level 27. HP: 254/254 MP: 32/49
102929 | Zot:5    | Noticed a dread lich
102939 | Zot:5    | Killed a dread lich
103159 | Zot:5    | Noticed a dread lich
103167 | Zot:5    | Noticed an ancient lich
103169 | Zot:5    | Killed a dread lich
103174 | Zot:5    | Killed an ancient lich
103454 | Zot:5    | Noticed an orb of fire
103459 | Zot:5    | Gained mutation: You are frail. (-10% HP) [an orb of fire]
103461 | Zot:5    | Killed an orb of fire
104239 | Zot:5    | Lost mutation: Your spells are a little easier to cast, but
                  | a little less powerful. [potion of mutation]
104239 | Zot:5    | Lost mutation: You are frail. (-10% HP) [potion of
                  | mutation]
104239 | Zot:5    | Lost mutation: You possess an exceptional clarity of mind.
                  | [potion of mutation]
104239 | Zot:5    | Gained mutation: You are robust. (+10% HP) [potion of
                  | mutation]
104239 | Zot:5    | Gained mutation: You expend magic power (3 MP) to
                  | strengthen your wands. [potion of mutation]
104239 | Zot:5    | Gained mutation: You have large cloven feet. [potion of
                  | mutation]
104267 | Zot:5    | Got the Orb of Zot
104687 | D:$      | Escaped with the Orb!

Illustrated notes

Levels and vault maps discovered:
D:1:      amcnicky_arrival_feature_with_door, layout_loops_cross,
          corexii_hall_statues_x
D:2:      layout_loops_ring, serial_glass, glass_columns_a, glass_columns_a,
          glass_columns_b, glass_columns_a
D:3:      layout_rooms, nicolae_vehumet_altar_sigil, uniq_ijyb, uniq_pargi
D:4:      layout_cave_pools, general_overflow_altar,
          mainiacjoe_overflow_cross_hatched
D:5:      dreamdust_elfheim, layout_rooms, mainiacjoe_overflow_big_doors,
          bh_walls_and_bars, uniq_grinder
D:6:      nicolae_cairo_tiling, layout_loops_cross, uniq_eustachio
D:7:      layout_loops_ring, mainiacjoe_overflow_tiny_flanked,
          lemuel_round_altar, minmay_temple_entry_poolview, uniq_duvessa,
          uniq_maggie, uniq_pikel, uniq_jeremiah
D:8:      cheibrodos_barr_body, layout_loops_cross, nicolae_ru_awakened_eye,
          moated_statue, uniq_joseph
D:9:      layout_basic, chei_slow_surprise, trog_butcher_becter,
          gammafunk_temple_overflow_elements, minmay_orc_entry_temple_small,
          kennysheep_windowed_goal
D:10:     minmay_gate_of_8, layout_loops_ring, nicolae_elyvilon_peaceful_grove,
          minivault_5, hangedman_decor_peaks_small,
          hangedman_abyss_or_decor_clamps, kennysheep_generic_room_8
D:11:     layout_loops_ring, lair_entry_dummy,
          serial_library_hellmonk_small_corner
D:12:     layout_cross, nicolae_kite_square_tiling_tiny
D:13:     layout_roguey, enter_trove_1, uniq_snorg, uniq_azrael
D:14:     layout_cave_pools, ximxim_vaults_locker_room, grunt_decor_mini_mirrors
D:15:     grunt_enter_depths_magical_seal, layout_basic,
          minmay_misc_feat_pillars
Temple:   grunt_temple_mini_profane
Lair:1:   layout_regular_city, ebering_ghost_funeral_grove,
          chequers_serial_rivers_micro_e
Lair:2:   layout_regular_city, mainiacjoe_swamp_entry_lozenge_pond,
          spider_nest_entry_web_field, gammafunk_ghost_berserking_beasts
Lair:3:   hangedman_what_comes_after_a, layout_chaotic_city, grunt_megastairs_3,
          uniq_sonja, uniq_urug
Lair:4:   layout_hall_layers, minmay_slime_entry_oklob_open, st_stairs_6,
          beast_lair_carwin_5
Lair:5:   cheibrodos_lair_end_hotspot, layout_loops_ring, serial_bayou_ford_a,
          serial_bayou_shore_b
Swamp:1:  layout_falls_marsh, hellmonk_ghost_happy_afterlife,
          evilmike_swamp_ruin_house_6, infiniplex_staircase_pool
Swamp:2:  nzn_winding_woodlands_three_and_one [nzn_winding_woodlands_5x15_cabin,
          nzn_winding_woodlands_5x15_sidewinder,
          nzn_winding_woodlands_5x15_pathside_ponds,
          nzn_winding_woodlands_center_triple_pond], layout_falls_marsh,
          wheals_swamp_sinkhole
Swamp:3:  layout_basic_swamp, hangedman_swamp_ruin_wall, swamp_pool_3
Swamp:4:  nzn_swamp_witches_coven, layout_basic_swamp
Spider:1: layout_spider_delve, ebering_ghost_disaster_area
Spider:2: layout_spider_delve
Spider:3: layout_spider_delve, uniq_arachne
Spider:4: hellmonk_spider_rune_endless_swarm, spiders_nest_hornet_nest
Slime:1:  layout_caves
Slime:2:  nicolae_slime_pool, layout_caves
Slime:3:  layout_caves
Slime:4:  layout_caves
Slime:5:  slime_pit_nicolae_jellycorners
Orc:1:    layout_caves, basic_altar, serial_shops, nicolae_shop_rolled_up
Orc:2:    kennysheep_orc_mage_school, layout_diamond_mine
Elf:1:    nicolae_elf_arrival_fired_up, layout_loops_ring, evilmike_minifort,
          lemuel_upstairs_altar
Elf:2:    nicolae_elf_blades_splatter_lattice [mumra_blade_entry_bloodbath],
          layout_geoelf_octagon, basic_altar
Elf:3:    elf_hall, layout_geoelf_octagon, serial_shops, nicolae_shop_stone,
          shop, nicolae_shop_real_fake_doors, shop, laboratory
Vaults:1: nicolae_vaults_enemy_cabinets, vaults_dpeg_spiral,
          nicolae_vaults_house_2, vaults_room_hallway, vaults_room_hallway,
          v_pattern_3, grunt_vaults_swirl, v_alt_pattern_3,
          ontoclasm_vaults_shuriken, nicolae_vaults_asterisk,
          nicolae_vaults_closet_pinwheel_3, nicolae_vaults_little_squares_3,
          nicolae_vaults_diamond_1, vaults_standard_mumra_lines,
          nicolae_vaults_offset_grid_hallway_1, v_misc_12,
          nicolae_vaults_little_ls, layout_vaults_omnibox, serial_shops,
          bzr_entry_road, nicolae_shop_gibbet_a_chance, shop, shop
Vaults:2: vaults_room_door_ring, nicolae_vaults_network_s,
          hangedman_vaults_maws, nicolae_vaults_shelves_hall,
          nicolae_vaults_storage_closets_3, serial_ice_b, v_misc_13,
          nicolae_vaults_heart-shaped_vault, hangedman_vaults_nodes,
          nicolae_vaults_six-pack, st_cross, vaults_mumra_chevron,
          nicolae_vaults_trapezoid_layered, layout_vaults_big_cross, uniq_jory
Vaults:3: grunt_vaults_twisty, vaults_mumra_chevron_long,
          nicolae_vaults_puzzle_piece, ontoclasm_vaults_ring_large,
          ontoclasm_vaults_pinch, v_misc_8, nicolae_vaults_surprise_closet_hard,
          ontoclasm_vaults_ring_small, vaults_mumra_minichess_inversion,
          vaults_dpeg_doors, nicolae_vaults_double_plus_2,
          vaults_room_large_hall, hangedman_vaults_impose,
          nicolae_vaults_double_plus_1, grunt_vaults_bifocal,
          ontoclasm_vaults_spin, v_misc_1, layout_vaults_maze_bifur
Vaults:4: nicolae_vaults_tetromino_Z_2, v_misc_28, dpeg_vaults_monster_box,
          layout_vaults_omnigrid, uniq_zenata
Vaults:5: uniq_bai_suzhen, uniq_saint_roka, uniq_mara
Crypt:1:  layout_misc_corridors
Crypt:2:  layout_rooms, serial_sigils_hangedman_stare, nicolae_crypt_smalloseum
Crypt:3:  quadcrypt_mu, uniq_sojobo
Depths:1: layout_cave_pools, hell_entry, serial_shops, shop,
          serial_bayou_lake_a, nicolae_integral_box, uniq_enchantress
Depths:2: minmay_textured_paths, layout_cave_shapes, serial_shops,
          nicolae_shop_crystal, shop, nicolae_stop_n_shop_1,
          nicolae_shop_tiny_statue_garden, pf_hell_entry_tar_spiral, pan_entry,
          tso_oasis_becter, uniq_grunn
Depths:3: minmay_the_grid_four_pointed_star
          [minmay_the_grid_triangle_9x9_fully_insulated_deathbox,
          minmay_the_grid_triangle_9x9_sparse_checkered,
          minmay_the_grid_triangle_9x9_dagger,
          minmay_the_grid_triangle_9x9_longest,
          minmay_the_grid_prize_trominoes], layout_gridlike, enter_ziggurat_a,
          hell_entry, abyss_entry_small_statue_room, interstate_on_off,
          roderic_roman_lattice, okawaru_gym_becter, minmay_shop_grove,
          minmay_staircase_bubble
Depths:4: evilmike_zot_entry_diamond, layout_cave_pools, rand_demon_pan_entry_1,
          pf_vacation_house_of_asmodeus, grunt_ministairs_7,
          kennysheep_four_rooms
Zot:1:    layout_basic, regret_index_zotdec_twisting_globes, grunt_megastairs_2
Zot:2:    layout_basic, regret_index_zotdec_glowing_original
Zot:3:    infiniplex_zot_generator, layout_onion_interference,
          guppyfry_library_mini
Zot:4:    layout_misc_corridors, kennysheep_underground_church
Zot:5:    layout_gridlike

Skill      XL: |  1  2  3  4  5  6  7  8  9 10 11 12 13 14 15 16 17 18 19 20 21 22 23 24 25 26 |
---------------+-------------------------------------------------------------------------------+-----
Spellcasting   | 2 3 4 5 6 7 10 12 13 14 15 16 17 18 | 18.9
Fighting       | 1 2 4 5 7 9 10 12 14 15 16 17 18 | 18.6
Necromancy     | 5 7 8 10 17 22 25 27 | 27.0
Evocations     | 1 2 3 4 5 6 9 11 13 15 | 15.5
Stealth        | 2 4 7 |  7.9
Dodging        | 2 3 4 5 6 |  6.4
Conjurations   | 1 3 5 7 9 10 11 13 14 15 16 | 16.6
Alchemy        | 1 3 5 6 8 9 |  9.5
Shields        | 3 4 5 |  5.6
Earth Magic    | 5 6 7 12 13 14 15 16 17 | 17.7
Hexes          | 1 4 |  4.9
Summonings     | 1 6 8 11 13 14 | 14.5
Polearms       | 4 8 11 | 11.9
Armour         | 1 2 3 4 |  4.8
Throwing       | 4 6 |  6.0
Translocations | 2 |  2.9

Action                     |  1- 3 |  4- 6 |  7- 9 | 10-12 | 13-15 | 16-18 | 19-21 | 22-24 | 25-27 || total
---------------------------+-------+-------+-------+-------+-------+-------+-------+-------+-------++-------
  Melee: Dagger            |    55 |    19 |   133 |   105 |       |       |       |       |       ||   312
         Trident           |       |       |       |   114 |   448 |   333 |   162 |   348 |    94 ||  1499
  Throw: Boomerang         |       |       |     2 |     2 |       |       |       |       |       ||     4
         Throwing net      |       |       |     1 |     1 |       |     1 |     2 |       |       ||     5
         Dart              |       |       |       |     2 |       |       |       |     2 |       ||     4
         Javelin           |       |       |       |       |       |       |       |     1 |       ||     1
   Cast: Necrotise         |    51 |   111 |   118 |    59 |       |       |       |       |       ||   339
         Vampiric Draining |       |       |    53 |    17 |     4 |       |    19 |       |       ||    93
         Irradiate         |       |       |     1 |   100 |    38 |    63 |    67 |    62 |    45 ||   376
         Borgnjor's Vile C |       |       |       |    63 |    86 |    91 |   320 |   252 |   175 ||   987
         Summon Mana Viper |       |       |       |     3 |    59 |    57 |     7 |     2 |       ||   128
         Monstrous Menager |       |       |       |       |   143 |   260 |    53 |    41 |       ||   497
         Martyr's Knell    |       |       |       |       |     1 |     2 |       |       |       ||     3
         Spellforged Servi |       |       |       |       |       |    46 |   115 |   127 |    76 ||   364
         Lehudib's Crystal |       |       |       |       |       |       |    53 |   126 |   174 ||   353
         Lee's Rapid Decon |       |       |       |       |       |       |     3 |    93 |    26 ||   122
         Dispel Undead     |       |       |       |       |       |       |       |    17 |    11 ||    28
         Apportation       |       |       |       |       |       |       |       |     4 |     1 ||     5
         Blink             |       |       |       |       |       |       |       |     1 |     3 ||     4
         Malign Gateway    |       |       |       |       |       |       |       |       |    16 ||    16
 Invoke: Curse Item        |       |       |     1 |     8 |     5 |     2 |     4 |     1 |       ||    21
         Shatter the Chain |       |       |       |       |     5 |     2 |     3 |     1 |       ||    11
  Evoke: Wand              |       |     3 |    19 |     4 |     4 |     6 |    17 |    20 |    23 ||    96
         Tin of tremorston |       |       |       |     6 |     6 |     6 |     8 |     9 |     5 ||    40
         Box of beasts     |       |       |       |       |       |     1 |     1 |     1 |       ||     3
         Lightning rod     |       |       |       |       |       |       |       |     4 |    10 ||    14
         Phial of floods   |       |       |       |       |       |       |       |     1 |       ||     1
         Phantom mirror    |       |       |       |       |       |       |       |       |     1 ||     1
    Use: Potion            |       |     1 |     1 |     5 |     1 |     2 |    13 |    26 |    14 ||    63
         Scroll            |       |     5 |     8 |     8 |    15 |     8 |    13 |    24 |    10 ||    91
   Stab: Invisible         |       |     1 |       |       |       |       |       |       |     1 ||     2
         Fleeing           |       |       |     1 |       |       |       |       |       |       ||     1
         Sleeping          |       |       |     2 |     4 |       |     1 |       |       |       ||     7
         Distracted        |       |       |       |     3 |    15 |    11 |     9 |    10 |     2 ||    50
         Paralysed         |       |       |       |       |     2 |     4 |       |       |     5 ||    11
         Confused          |       |       |       |       |     1 |       |       |       |       ||     1
         Held in net/web   |       |       |       |       |       |       |     1 |       |       ||     1
 Armour: Robe              |    29 |    35 |   126 |       |       |       |       |       |       ||   190
         Skin              |       |     6 |    10 |       |       |       |       |       |       ||    16
         Steam dragon scal |       |       |    44 |   276 |   191 |       |       |       |       ||   511
         Troll leather arm |       |       |       |       |   107 |   398 |   297 |   457 |   360 ||  1619
  Dodge: Dodged            |    30 |    48 |   126 |   235 |   207 |   265 |   128 |   161 |   132 ||  1332
  Block: Buckler           |       |       |       |    96 |   108 |   123 |   128 |   225 |   110 ||   790
         Reflection        |       |       |       |       |       |       |    24 |    13 |     3 ||    40

Table legend: (Time is in decaauts)
 A = Elapsed time spent in this place.
 B = Non-inter-level travel time spent in this place.
 C = Inter-level travel time spent in this place.
 D = Time resting spent in this place.
 E = Time spent auto-exploring this place.
 F = Levels seen in this place.
 G = Mean time per level.
                   A        B        C        D        E       F      G
               +--------+--------+--------+--------+--------+-----+--------+
         Total | 104829 |  96733 |   8096 |  20673 |  57079 |  59 | 1776.8 |
       Dungeon |  21187 |  18614 |   2573 |   2292 |  13229 |  15 | 1412.5 |
        Temple |     47 |     47 |      0 |      0 |     46 |   1 |   47.0 |
          Lair |  12278 |  11508 |    770 |   2307 |   7229 |   5 | 2455.6 |
         Swamp |   6192 |   6001 |    191 |   1037 |   3712 |   4 | 1548.0 |
   Spider Nest |   5655 |   5394 |    261 |   1726 |   2020 |   4 | 1413.8 |
    Slime Pits |   5406 |   5210 |    196 |   1719 |   2740 |   5 | 1081.2 |
  Orcish Mines |   3419 |   2498 |    921 |    139 |   1883 |   2 | 1709.5 |
   Elven Halls |   5099 |   4566 |    533 |   1007 |   2215 |   3 | 1699.7 |
        Vaults |  12419 |  11274 |   1145 |   2015 |   6643 |   5 | 2483.8 |
         Crypt |   6502 |   6349 |    153 |   1637 |   3299 |   3 | 2167.3 |
        Depths |  10946 |  10270 |    676 |   2399 |   6055 |   4 | 2736.5 |
           Zot |  15529 |  14855 |    674 |   4395 |   7969 |   5 | 3105.8 |
         Abyss |     13 |     13 |      0 |      0 |      0 |   1 |   13.0 |
        Bazaar |     73 |     73 |      0 |      0 |     36 |   1 |   73.0 |
         Trove |     56 |     56 |      0 |      0 |      0 |   1 |   56.0 |
               +--------+--------+--------+--------+--------+-----+--------+

Top non-repeatable levels by time:
   Zot:5: 4664 daAuts
   Zot:3: 3829 daAuts
Depths:3: 3614 daAuts
Vaults:5: 3592 daAuts
   Zot:1: 3462 daAuts
 Crypt:3: 3441 daAuts
  Lair:3: 3057 daAuts
  Lair:4: 2701 daAuts
  Lair:2: 2653 daAuts
Depths:4: 2652 daAuts
Vaults:1: 2519 daAuts
     D:8: 2481 daAuts
     D:9: 2475 daAuts
 Swamp:4: 2429 daAuts
Depths:2: 2398 daAuts
